 Dungeon Crawl Stone Soup version 0.28-a0-1624-g820543e53a (webtiles) character file.

Game seed: 7714665005305612911

7 cheechan the Charlatan (level 1, -1/9 HPs)
             Began as a Felid Artificer on Jan 23, 2022.
             Slain by a dart slug (3 damage)
             ... on level 1 of the Dungeon.
             The game lasted 00:01:10 (184 turns).

cheechan the Charlatan (Felid Artificer)             Turns: 184, Time: 00:01:11

Health: -1/9       AC:  1    Str:  8    XL:     1   Next: 91%
Magic:  2/2        EV: 18    Int: 12    God:
Gold:   21         SH:  0    Dex: 16    Spells: 0/0 levels left
                                        Lives:  0   Deaths: 0

rFire   . . .      SeeInvis +   (weapon unavailable)
rCold   . . .      Faith    .   (shield unavailable)
rNeg    . . .      Spirit   .   (armour unavailable)
rPois   .          Reflect  .   (helmet unavailable)
rElec   .          Harm     .   (cloak unavailable)
rCorr   .          Rampage  .   (gloves unavailable)
Will    .....                   (boots unavailable)
Stlth   ++........              (no amulet)
HPRegen 0.03/turn               (no ring)
MPRegen 0.08/turn               (no ring)

@: quick
A: very small, claws 1, fangs 3, see invisible, speed 1, shaggy fur 1, stealthy
paws, no weapons or thrown items, no armour, multi-lived
a: no special abilities


You were on level 1 of the Dungeon.
You visited 1 branch of the dungeon, and saw 1 of its levels.

You collected 21 gold pieces.

Inventory:

Missiles
 d - 20 stones
Wands
 a - a wand of flame (15)
 b - a wand of charming (7) (quivered)
Scrolls
 f - a scroll of summoning {unknown}
Potions
 e - a potion of curing {unknown}
Miscellaneous
 c - a piece from Xom's chessboard (15/15)


   Skills:
 + Level 1.0 Fighting
 + Level 3.4 Dodging
 + Level 1.3 Stealth
 + Level 3.7 Evocations


You couldn't memorise any spells.
You didn't know any spells.
Your spell library was empty.

Dungeon Overview and Level Annotations

Branches:
Dungeon (1/15)

Altars:


Innate Abilities, Weirdness & Mutations

You have sharp claws.
You have razor-sharp teeth.
You have supernaturally acute eyesight. (SInv)
You cover ground quickly. (Speed+)
You are covered in fur. (AC +1)
Your paws help you pounce on unaware monsters.
You are incapable of wielding weapons or throwing items.
You cannot wear armour.
You gain extra lives every three experience levels.


Message History

The hobgoblin misses you.
Aiming: Charm
Press: ? - help, Q - select action, (/) - cycle Shift-Dir - straight line, f/p - goblin
Aim: a goblin, wielding a +0 dagger (ally target, chance to affect: 74%)
The goblin is charmed.
The hobgoblin closely misses you.
Unknown command.
The endoplasm misses your goblin. The hobgoblin hits your endoplasm.
A dart slug comes into view.
You swap places.
The hobgoblin completely misses something.
The endoplasm jiggles.
You swap places.
Something hits the endoplasm.
Found a scroll labelled LIRIYLEMAQ.
The endoplasm barely misses your endoplasm.
You swap places.
You scratch the endoplasm.
You kill the endoplasm!
You swap places.
Found 11 gold pieces.
f - a scroll labelled LIRIYLEMAQ Really attack your endoplasm?
You scratch your endoplasm.
You kill your endoplasm!
Really attack your goblin?
You scratch your goblin.
You kill your goblin!
Things that are here:
a +0 dagger; a goblin corpse
Things that are here:
a +0 dagger; a goblin corpse
Found a robe.
You now have 21 gold pieces (gained 11).
You see here a +0 robe.
You scratch the dart slug. Your bite misses the dart slug.
The dart slug is lightly wounded.
You scratch the dart slug.
The dart slug is moderately wounded.
The dart slug bites you.
You die...

#. #. ##### ######.#
.....
#.@w.#.######.....
#.##.#............
#.#..#.........#.#
#.#..........# #.##
#.# #.......# #.>.
#.# #...g...#.#..#
#.# #.#.#.....#..#
#.# #.#.#.#####...
##.####.#.#.##......


You could see a dart slug.

Vanquished Creatures
  2 endoplasms (D:1)
  2 jackals (D:1)
  A goblin (D:1)
5 creatures vanquished.

Vanquished Creatures (collateral kills)
  2 jackals (D:1)
  A ball python (D:1)
3 creatures vanquished.

Grand Total: 8 creatures vanquished

Notes
Turn   | Place    | Note
-------+----------+-------------------------------------------
     0 | D:1      | cheechan the Felid Artificer began the quest for the Orb.
     0 | D:1      | Reached XP level 1. HP: 9/9 MP: 2/2
   184 | D:1      | Slain by a dart slug

Illustrated notes

Levels and vault maps discovered:
D:1:      eino_arrival_water_cross, layout_basic, ebering_ecumenical_altar_webs

Action                   || total
-------------------------++-------
Melee: Unarmed           ||    29
Evoke: Wand              ||     8
 Stab: Distracted        ||     1
Dodge: Dodged            ||    27

Table legend: (Time is in decaauts)
 A = Elapsed time spent in this place.
 B = Non-inter-level travel time spent in this place.
 C = Inter-level travel time spent in this place.
 D = Time resting spent in this place.
 E = Time spent auto-exploring this place.
 F = Levels seen in this place.
 G = Mean time per level.
                   A        B        C        D        E       F      G
               +--------+--------+--------+--------+--------+-----+--------+
         Total |    155 |    155 |      0 |      0 |      0 |   1 |  155.0 |
       Dungeon |    155 |    155 |      0 |      0 |      0 |   1 |  155.0 |
               +--------+--------+--------+--------+--------+-----+--------+

Top non-repeatable levels by time:
     D:1: 155 daAuts
